cohdb
Replays
Latest Replays
All Replays
Popular Replays
Top Player Replays
Match Explorer
How It Works
Community
CoH3 Stats
Reddit
Sign in to upload your games and track your stats! →
Sign in with Steam
Match 44861730
Unlisted
Match 44861730
Overview
Messages
Build Orders
End
Scout Squad
Construct Barracks
Riflemen Squad
Selects Advanced Infantry Battlegroup
1⁄4-ton 4x4 Truck
Riflemen Squad
Mechanized Support Center
Selects Convert to Ranger Squad
Selects Convert to Ranger Squad
Convert to Ranger Squad
Grenade Package
Riflemen Squad
Construct Motor Pool
M24 Chaffee Light Tank
Selects Artillery Observers
Selects M2A1 105mm Howitzer Emplacement
Engineer Squad
littleboots10
Brother
0
0
Comments
sign in to comment!
No comments posted yet!